 Dungeon Crawl Stone Soup version 0.28-a0-1616-g050a50673c (webtiles) character file.

Game seed: 13397374736659248396

128 grumblor the Ducker (level 4, -3/23 HPs)
             Began as a Spriggan Gladiator on Jan 22, 2022.
             Killed from afar by Blork the orc (8 damage)
             ... with a puff of frost
             ... on level 4 of the Dungeon.
             The game lasted 00:04:43 (4533 turns).

grumblor the Ducker (Spriggan Gladiator)            Turns: 4533, Time: 00:04:43

Health: -3/23      AC:  2    Str: 16    XL:     4   Next: 86%
Magic:  5/5        EV: 19    Int:  9    God:
Gold:   100        SH:  5    Dex: 18    Spells: 3/3 levels left

rFire   . . .      SeeInvis +   a - +0 long sword
rCold   . . .      Faith    .   h - +0 buckler
rNeg    + . .      Spirit   .   b - +0 robe
rPois   .          Reflect  .   c - +0 hat
rElec   .          Harm     .   (no cloak)
rCorr   .          Rampage  .   (gloves unavailable)
Will    .....                   (boots unavailable)
Stlth   ++........              (no amulet)
HPRegen 0.07/turn               j - +6 ring of strength
MPRegen 0.09/turn               i - ring of positive energy

@: very quick
A: very small, no large weapons, unfitting armour, see invisible, speed 3
a: no special abilities


You were on level 4 of the Dungeon.
You visited 1 branch of the dungeon, and saw 4 of its levels.

You collected 100 gold pieces.

Inventory:

Hand Weapons
 a - a +0 long sword (weapon)
Missiles
 d - 3 throwing nets
 e - 2 poisoned darts (quivered)
Armour
 b - a +0 robe (worn)
 c - a +0 hat (worn)
 h - a +0 buckler (worn)
Jewellery
 i - a ring of positive energy (right hand)
 j - a +6 ring of strength (left hand)
Potions
 f - 3 potions of curing
 g - 2 potions of mutation


   Skills:
 + Level 2.0 Fighting
 + Level 3.4 Long Blades
 * Level 2.1 Throwing
 * Level 5.7 Dodging
 * Level 0.4 Shields


You had 3 spell levels left.
You didn't know any spells.
Your spell library contained the following spells:

 Spells                   Type           Power      Damage    Failure   Level
 Apportation              Tloc           0%         N/A       65%         1
 Summon Small Mammal      Summ           0%         N/A       65%         1
 Call Canine Familiar     Summ           0%         N/A       95%         3
 Summon Guardian Golem    Hex/Summ       0%         N/A       95%         3
 Animate Dead             Necr           0%         N/A       100%        4
 Alistair's Intoxication  Tmut/Pois      0%         N/A       100%        5
 Borgnjor's Vile Clutch   Necr/Erth      0%         N/A       100%        5
 Death Channel            Necr           0%         N/A       100%        6


Dungeon Overview and Level Annotations

Branches:
Dungeon (4/15)
 Temple: D:4-7

Altars:

Annotations:
D:4 Blork the orc


Innate Abilities, Weirdness & Mutations

You are very small and have problems with some larger weapons.
You are too small for most types of armour.
You have supernaturally acute eyesight. (SInv)
You cover ground extremely quickly. (Speed+++)


Message History

Blork the orc mumbles some strange words.
Blork the orc seems to speed up.
Throw: 7 darts (poison)
Press: ? - help, Q - select action, (/) - cycle Shift-Dir - straight line, f/p - Blork the orc
Aim: Blork the orc, wielding a +0 hand axe and wearing a +0 robe (fast, strong, poisoned, 66% to hit)
You throw a poisoned dart.
The poisoned dart completely misses Blork the orc.
Throw: 6 darts (poison)
Press: ? - help, Q - select action, (/) - cycle Shift-Dir - straight line, f/p - Blork the orc
Aim: Blork the orc, wielding a +0 hand axe and wearing a +0 robe (fast, strong, poisoned, 66% to hit)
You throw a poisoned dart.
The poisoned dart barely misses Blork the orc.
The poisoned dart hits the quokka skeleton.
Blork the orc hits you with a +0 hand axe!
Ouch! That really hurt!
Blork the orc looks braver for a moment.
Throw: 5 darts (poison)
Press: ? - help, Q - select action, (/) - cycle Shift-Dir - straight line, f/p - Blork the orc
Aim: Blork the orc, wielding a +0 hand axe and wearing a +0 robe (lightly wounded, fast, strong, poisoned, 66% to hit)
You throw a poisoned dart. The poisoned dart hits Blork the orc.
Blork the orc is lightly wounded.
Blork the orc looks more healthy.
Blork the orc looks encouraged for a moment.
Throw: 4 darts (poison)
Press: ? - help, Q - select action, (/) - cycle Shift-Dir - straight line, f/p - Blork the orc
Aim: Blork the orc, wielding a +0 hand axe and wearing a +0 robe (lightly wounded, fast, strong, 66% to hit)
You throw a poisoned dart. The poisoned dart hits Blork the orc.
Blork the orc is poisoned.
Blork the orc is lightly wounded.
Blork the orc points at you and mumbles some strange words.
The magic dart hits you.
* * * LOW HITPOINT WARNING * * *
Throw: 3 darts (poison)
Press: ? - help, Q - select action, (/) - cycle Shift-Dir - straight line, f/p - Blork the orc
Aim: Blork the orc, wielding a +0 hand axe and wearing a +0 robe (moderately wounded, fast, strong, poisoned, 66% to hit)
You throw a poisoned dart.
The poisoned dart barely misses Blork the orc.
Blork the orc gestures at you while chanting.
The puff of frost hits you!
You die...

####......Z.....>#
.........(....>###
#####...#####..#
##Z#### #...#
##....####....
##Z......####....
#...###..## ##..#
#.### ##..# #.#
##(# #@.# .. #<.#
##.##
########..#####o##
#.......##..##.##
#..##...####.(.#
....#(.## #####
.......# ...#####
..##


You could see Blork the orc (fast, strong, poisoned).

Vanquished Creatures
  A centaur skeleton (D:3)
  A gnoll (D:1)
  2 adders (D:2)
  A worm (D:3)
  3 dart slugs
  An orc (D:3)
  3 bats
  5 endoplasms
  A giant cockroach (D:2)
  5 goblins
  2 hobgoblins (D:1)
  6 jackals
  2 quokkas
  4 ball pythons
  5 frilled lizards (D:1)
  12 kobolds
  9 rats
63 creatures vanquished.

Vanquished Creatures (others)
  13 plants (D:1)
13 creatures vanquished.

Grand Total: 76 creatures vanquished

Notes
Turn   | Place    | Note
-------+----------+-------------------------------------------
     0 | D:1      | grumblor the Spriggan Gladiator began the quest for the
                  | Orb.
     0 | D:1      | Reached XP level 1. HP: 10/10 MP: 2/2
   208 | D:1      | Reached XP level 2. HP: 7/15 MP: 3/3
  1082 | D:1      | Reached skill level 5 in Dodging
  1082 | D:1      | Reached XP level 3. HP: 12/18 MP: 4/4
  2454 | D:2      | Reached XP level 4. HP: 22/23 MP: 5/5
  4498 | D:4      | Noticed Blork the orc
  4533 | D:4      | Killed from afar by Blork the orc

Illustrated notes

Levels and vault maps discovered:
D:1:      amcnicky_arrival_feature_with_door, layout_basic,
          lexackson_kobold_supper
D:2:      layout_rooms, minmay_misc_feat_more_columns
D:3:      minmay_angry_zag, layout_loops_cross
D:4:      layout_layer_cave, serial_shops, shop, kennysheep_generic_room_2,
          uniq_edmund, uniq_blork_the_orc, uniq_ijyb

Skill      XL: |  1  2  3  4 |
---------------+-------------+-----
Dodging        | 5 |  5.7
Long Blades    | 3 |  3.4
Fighting       | 2 |  2.0
Throwing       | |  2.1
Shields        | |  0.4

Action                   |  1- 3 |  4- 6 || total
-------------------------+-------+-------++-------
Melee: Long sword        |   131 |    50 ||   181
Throw: Dart              |       |    13 ||    13
  Use: Scroll            |     1 |     3 ||     4
 Stab: Sleeping          |       |     2 ||     2
Armor: Robe              |    12 |     6 ||    18
Dodge: Dodged            |   155 |    57 ||   212
Block: Buckler           |     1 |    16 ||    17

Table legend: (Time is in decaauts)
 A = Elapsed time spent in this place.
 B = Non-inter-level travel time spent in this place.
 C = Inter-level travel time spent in this place.
 D = Time resting spent in this place.
 E = Time spent auto-exploring this place.
 F = Levels seen in this place.
 G = Mean time per level.
                   A        B        C        D        E       F      G
               +--------+--------+--------+--------+--------+-----+--------+
         Total |   3785 |   3718 |     67 |   1756 |   1482 |   4 |  946.2 |
       Dungeon |   3785 |   3718 |     67 |   1756 |   1482 |   4 |  946.2 |
               +--------+--------+--------+--------+--------+-----+--------+

Top non-repeatable levels by time:
     D:1: 1531 daAuts
     D:3: 1368 daAuts
     D:2: 731 daAuts
     D:4: 153 daAuts
